SAAA
NAPERVILLE BATTLEKINGS @ BANGOR TRIDENT BASE OGRES
06/26/2017
 
TOP OF THE 1ST
Tortolita Drummers batting - Pitching for Yonkers Warlords : LHP Mitch Bowman
Pitching: LHP Mitch Bowman
Batting: SHB George Allen 0-0: Swinging Strike
0-1: Swinging Strike
0-2: Ball
1-2: Fly out, F4 (Popup, 4MD)
Batting: RHB Ilusuarte Viamonte 0-0: Ball
1-0: Foul Ball, location: 2F
1-1: Ball
2-1: Ball
3-1: Foul Ball, location: 2F
3-2: Foul Ball, location: 2F
3-2: Strikes out swinging
Batting: RHB Abílio Conceio 0-0: Swinging Strike
0-1: Called Strike
0-2: Ball
1-2: Foul Ball, location: 2F
1-2: Strikes out swinging
Top of the 1st over - 0 run(s), 0 hit(s), 0 error(s), 0 left on base; Tortolita 0 - Yonkers 0
BOTTOM OF THE 1ST
Yonkers Warlords batting - Pitching for Tortolita Drummers : RHP Jim Unknown
Pitching: RHP Jim Unknown
Batting: LHB Mark Evans 0-0: Ball
1-0: Swinging Strike
1-1: Ball
2-1: Called Strike
2-2: Ball
3-2: Base on Balls
Batting: RHB Paul Arthur 0-0: Ground out 5-3 (Groundball, 5S)
Mark Evans to second
Batting: RHB José Ayala 0-0: Ground out 4-3 (Groundball, 4M)
Mark Evans to third
Batting: RHB Lance Davis 0-0: Called Strike
0-1: Fly out, F6 (Popup, 6M)
Bottom of the 1st over - 0 run(s), 0 hit(s), 0 error(s), 1 left on base; Tortolita 0 - Yonkers 0
TOP OF THE 2ND
Tortolita Drummers batting - Pitching for Yonkers Warlords : LHP Mitch Bowman
Batting: RHB Nick Simmons 0-0: Ball
1-0: Fly out, F7 (Flyball, 7M)
Batting: RHB Duncan Thomas 0-0: Swinging Strike
0-1: Ball
1-1: SOLO HOME RUN (Flyball, 7D), Distance : 393 ft
Batting: RHB Richard Ollivier 0-0: Ball
1-0: Foul Ball, location: 2F
1-1: SINGLE (Groundball, 5D)
Batting: RHB Anastasio Cabanillas 0-0: Called Strike
0-1: Ball
1-1: Ball
2-1: Called Strike
2-2: Ball
3-2: Strikes out looking
Batting: LHB Aaron Givens 0-0: Ball
1-0: Ball
2-0: Ball
3-0: Base on Balls
Richard Ollivier to second
Batting: RHB Luke de Braber 0-0: Foul Ball, location: 2F
0-1: Ball
1-1: Ball
2-1: Ball
3-1: Fly out, F7 (Flyball, 78M)
Top of the 2nd over - 1 run(s), 2 hit(s), 0 error(s), 2 left on base; Tortolita 1 - Yonkers 0
BOTTOM OF THE 2ND
Yonkers Warlords batting - Pitching for Tortolita Drummers : RHP Jim Unknown
Batting: RHB Dani Espinosa 0-0: Ball
1-0: Foul Ball, location: 2F
1-1: Fly out, F3 (Popup, 23F)
Batting: RHB Phil Fleming 0-0: Ball
1-0: Called Strike
1-1: Ball
2-1: SINGLE (Groundball, 6MD)
Batting: RHB Michael Messer 0-0: Ball
1-0: Called Strike
1-1: Foul Ball, location: 2F
1-2: SINGLE (Groundball, 23) (infield hit)
Phil Fleming to second
Batting: LHB Pedro López 0-0: Called Strike
0-1: 3-RUN HOME RUN (Line Drive, 7D), Distance : 391 ft
Batting: RHB Joe Smith 0-0: Ground out 6-3 (Groundball, 6M)
Batting: LHB Mark Evans 0-0: Ball
1-0: Called Strike
1-1: Ball
2-1: Ball
3-1: Called Strike
3-2: Fly out, F7 (Flyball, 78M)
Bottom of the 2nd over - 3 run(s), 3 hit(s), 0 error(s), 0 left on base; Tortolita 1 - Yonkers 3
TOP OF THE 3RD
Tortolita Drummers batting - Pitching for Yonkers Warlords : LHP Mitch Bowman
Batting: SHB George Allen 0-0: Ball
1-0: Foul Ball, location: 2F
1-1: Fly out, F9 (Flyball, 9M)
Batting: RHB Ilusuarte Viamonte 0-0: Ball
1-0: Ball
2-0: Called Strike
2-1: SINGLE (Line Drive, 34D)
Batting: RHB Abílio Conceio 0-0: Ball
1-0: Foul Ball, location: 2F
1-1: Foul Ball, location: 2F
1-2: Grounds into double play, 6-4-3 (Groundball, 6)
Top of the 3rd over - 0 run(s), 1 hit(s), 0 error(s), 0 left on base; Tortolita 1 - Yonkers 3
BOTTOM OF THE 3RD
Yonkers Warlords batting - Pitching for Tortolita Drummers : RHP Jim Unknown
Batting: RHB Paul Arthur 0-0: Ground out 6-3 (Groundball, 6)
Batting: RHB José Ayala 0-0: Ball
1-0: Fly out, F5 (Line Drive, 56S)
Batting: RHB Lance Davis 0-0: SINGLE (Flyball, 8LS)
Batting: RHB Dani Espinosa 0-0: Ball
1-0: Foul Ball, location: 2F
1-1: Ball
2-1: Foul Ball, location: 2F
2-2: Foul Ball, location: 2F
2-2: Ball
3-2: SINGLE (Groundball, 34D)
Lance Davis to second
Lance Davis to third
Batting: RHB Phil Fleming 0-0: Called Strike
0-1: Swinging Strike
0-2: Ball
1-2: Ball
2-2: Fly out, F9 (Line Drive, 9M)
Bottom of the 3rd over - 0 run(s), 2 hit(s), 0 error(s), 2 left on base; Tortolita 1 - Yonkers 3
TOP OF THE 4TH
Tortolita Drummers batting - Pitching for Yonkers Warlords : LHP Mitch Bowman
Batting: RHB Nick Simmons 0-0: SOLO HOME RUN (Flyball, 78XD), Distance : 438 ft
Batting: RHB Duncan Thomas 0-0: Called Strike
0-1: Ball
1-1: SINGLE (Groundball, 6MD)
Batting: RHB Richard Ollivier 0-0: Ball
1-0: Called Strike
1-1: SINGLE (Line Drive, 78S)
Duncan Thomas to second
Batting: RHB Anastasio Cabanillas 0-0: Ball
1-0: Ball
2-0: Called Strike
2-1: Called Strike
2-2: SINGLE (Groundball, 6MD)
Duncan Thomas to third
Richard Ollivier to second
Runner from 3rd tries for Home, SAFE, throw made home
Pitching: RHP Jorge Sánchez
Batting: LHB Aaron Givens 0-0: Ball
1-0: Swinging Strike
1-1: Ball
2-1: Foul Ball, location: 2F
2-2: SINGLE (Flyball, 89S)
Richard Ollivier to third
Anastasio Cabanillas to second
Batting: RHB Luke de Braber 0-0: Fly out, F8 (Flyball, 8RD)
Runner from 3rd tags up, SCORES, no throw
Batting: SHB George Allen 0-0: Fly out, F4 (Popup, 9LS)
Batting: RHB Ilusuarte Viamonte 0-0: Ball
1-0: Ball
2-0: Ball
3-0: Called Strike
3-1: Swinging Strike
3-2: Strikes out looking
Top of the 4th over - 3 run(s), 5 hit(s), 0 error(s), 2 left on base; Tortolita 4 - Yonkers 3
BOTTOM OF THE 4TH
Yonkers Warlords batting - Pitching for Tortolita Drummers : RHP Jim Unknown
Batting: RHB Michael Messer 0-0: Ball
1-0: Ball
2-0: Ball
3-0: Called Strike
3-1: Called Strike
3-2: Ground out 4-3 (Groundball, 34)
Batting: LHB Pedro López 0-0: Ball
1-0: Called Strike
1-1: Foul Ball, location: 2F
1-2: Ball
2-2: Strikes out swinging
Batting: RHB Joe Smith 0-0: Ball
1-0: Called Strike
1-1: Ball
2-1: Foul Ball, location: 2F
2-2: Ball
3-2: Fly out, F8 (Flyball, 8RM)
Bottom of the 4th over - 0 run(s), 0 hit(s), 0 error(s), 0 left on base; Tortolita 4 - Yonkers 3
TOP OF THE 5TH
Tortolita Drummers batting - Pitching for Yonkers Warlords : RHP Jorge Sánchez
Batting: RHB Abílio Conceio 0-0: Called Strike
0-1: SOLO HOME RUN (Flyball, 78XD), Distance : 433 ft
Batting: RHB Nick Simmons 0-0: Called Strike
0-1: Called Strike
0-2: SINGLE (Line Drive, 4D)
Pitching: RHP Clinton Anderson
Batting: RHB Duncan Thomas 0-0: Called Strike
0-1: Ball
1-1: Ball
2-1: Ball
Pickoff Throw to First - Error! E1
Nick Simmons to second
3-1: Intentional Walk
Batting: RHB Richard Ollivier 0-0: Sac Bunt - play at first, batter OUT! 5-3
Nick Simmons to third
Duncan Thomas to second
Batting: RHB Anastasio Cabanillas 0-0: Called Strike
0-1: Ball
1-1: Called Strike
1-2: Foul Ball, location: 2F
1-2: Ball
2-2: Ground out 4-3 (Groundball, 4)
Batting: LHB Aaron Givens 0-0: Ball
1-0: Ball
2-0: SINGLE (Groundball, 4M)
Nick Simmons scores
Duncan Thomas to third
Runner from 3rd tries for Home, SAFE, no throw or cutoff
Batting: RHB Luke de Braber 0-0: Called Strike
0-1: Swinging Strike
0-2: SINGLE (Groundball, 6MD)
Aaron Givens to second
Aaron Givens to third
Batting: SHB George Allen 0-0: Ground out 6-3 (Groundball, 6)
Top of the 5th over - 3 run(s), 4 hit(s), 1 error(s), 2 left on base; Tortolita 7 - Yonkers 3
BOTTOM OF THE 5TH
Yonkers Warlords batting - Pitching for Tortolita Drummers : RHP Jim Unknown
Batting: LHB Mark Evans 0-0: Ball
1-0: Ball
2-0: SINGLE (Line Drive, 6)
Batting: RHB Paul Arthur 0-0: Called Strike
0-1: Swinging Strike
0-2: Ball
1-2: Strikes out swinging
Batting: RHB José Ayala 0-0: Ball
1-0: Grounds into double play, 1-6-3 (Groundball, 13)
Bottom of the 5th over - 0 run(s), 1 hit(s), 0 error(s), 0 left on base; Tortolita 7 - Yonkers 3
TOP OF THE 6TH
Tortolita Drummers batting - Pitching for Yonkers Warlords : RHP Clinton Anderson
Pitching: LHP Stephen Kramer
Batting: RHB Ilusuarte Viamonte 0-0: Called Strike
0-1: DOUBLE (Line Drive, 7D)
Batting: RHB Abílio Conceio 0-0: Called Strike
0-1: Swinging Strike
0-2: Fly out, F9 (Flyball, 9M)
Batting: RHB Nick Simmons 0-0: Ball
1-0: Swinging Strike
1-1: Foul Ball, location: 2F
1-2: 2-RUN HOME RUN (Line Drive, 78XD), Distance : 432 ft
Pitching: LHP George Boone
Batting: RHB Duncan Thomas 0-0: Foul Ball, location: 2F
0-1: Ball
1-1: Ball
2-1: Foul Ball, location: 2F
2-2: Ball
3-2: Foul Ball, location: 2F
3-2: Base on Balls
Batting: RHB Richard Ollivier 0-0: Ball
1-0: Foul Ball, location: 2F
1-1: Ball
2-1: Foul Ball, location: 2F
2-2: Foul Ball, location: 2F
2-2: Ball
3-2: SINGLE (Groundball, 25) (infield hit)
Duncan Thomas to second
Batting: RHB Anastasio Cabanillas 0-0: Called Strike
0-1: Ball
1-1: Foul Ball, location: 2F
1-2: Strikes out swinging
Batting: LHB Aaron Givens 0-0: Ground out 4-3 (Groundball, 4)
Top of the 6th over - 2 run(s), 3 hit(s), 0 error(s), 2 left on base; Tortolita 9 - Yonkers 3
BOTTOM OF THE 6TH
Yonkers Warlords batting - Pitching for Tortolita Drummers : RHP Jim Unknown
Batting: RHB Lance Davis 0-0: Called Strike
0-1: Ball
1-1: Ball
2-1: Fly out, F8 (Flyball, 8LM)
Batting: RHB Dani Espinosa 0-0: Called Strike
0-1: Fly out, F7 (Flyball, 78S)
Batting: RHB Phil Fleming 0-0: Called Strike
0-1: Foul Ball, location: 2F
0-2: Ball
1-2: Foul Ball, location: 2F
1-2: Fly out, F9 (Line Drive, 9M)
Bottom of the 6th over - 0 run(s), 0 hit(s), 0 error(s), 0 left on base; Tortolita 9 - Yonkers 3
TOP OF THE 7TH
Tortolita Drummers batting - Pitching for Yonkers Warlords : LHP George Boone
Batting: RHB Luke de Braber 0-0: Ball
1-0: Ball
2-0: Called Strike
2-1: Foul Ball, location: 2F
2-2: Ball
3-2: Foul Ball, location: 2F
3-2: Strikes out swinging
Batting: SHB George Allen 0-0: Ball
1-0: Ball
2-0: Called Strike
2-1: SINGLE (Groundball, 5D)
Batting: RHB Ilusuarte Viamonte 0-0: Ball
1-0: Called Strike
1-1: Ball
2-1: Ball
3-1: Base on Balls
George Allen to second
Batting: RHB Abílio Conceio 0-0: Called Strike
0-1: Ball
1-1: Ball
2-1: Foul Ball, location: 2F
2-2: SINGLE (Line Drive, 6D)
George Allen to third
Ilusuarte Viamonte to second
Runner from 3rd tries for Home, throw and OUT!
Ilusuarte Viamonte to third
Abílio Conceio to second
Batting: RHB Nick Simmons 0-0: SINGLE (Groundball, 34)
Ilusuarte Viamonte scores
Abílio Conceio to third
Runner from 3rd tries for Home, SAFE, no throw or cutoff
Pitching: RHP Bob Meyer
Batting: RHB Duncan Thomas 0-0: Ball
1-0: Called Strike
1-1: Ball
2-1: SINGLE (Line Drive, 4MD)
Nick Simmons to second
Batting: RHB Richard Ollivier 0-0: Ball
1-0: Called Strike
1-1: Ball
2-1: Called Strike
2-2: Ball
3-2: SINGLE (Line Drive, 6D)
Nick Simmons to third
Duncan Thomas to second
Nick Simmons scores
Duncan Thomas to third
Batting: RHB Anastasio Cabanillas 0-0: Called Strike
0-1: Ball
1-1: Foul Ball, location: 2F
1-2: Strikes out swinging
Top of the 7th over - 3 run(s), 5 hit(s), 0 error(s), 2 left on base; Tortolita 12 - Yonkers 3
BOTTOM OF THE 7TH
Yonkers Warlords batting - Pitching for Tortolita Drummers : RHP Jim Unknown
Batting: RHB Michael Messer 0-0: Called Strike
0-1: Ball
1-1: Ball
2-1: Called Strike
2-2: Foul Ball, location: 2F
2-2: Foul Ball, location: 2F
2-2: Foul Ball, location: 2F
2-2: Ball
3-2: Base on Balls
Batting: LHB Pedro López 0-0: Ball
1-0: Ball
2-0: Called Strike
2-1: Ball
3-1: Foul Ball, location: 2F
3-2: Base on Balls
Michael Messer to second
Batting: RHB Joe Smith 0-0: Swinging Strike
0-1: Called Strike
0-2: Strikes out swinging
Batting: LHB Mark Evans 0-0: Swinging Strike
0-1: Foul Ball, location: 2F
0-2: Ball
1-2: Strikes out looking
Batting: RHB Paul Arthur 0-0: Ball
1-0: Ball
2-0: Called Strike
2-1: Ball
3-1: Base on Balls
Michael Messer to third
Pedro López to second
Pitching: RHP Luke Merkley
Batting: RHB José Ayala 0-0: Ball
1-0: Ball
2-0: Called Strike
2-1: Ball
3-1: Foul Ball, location: 2F
3-2: Strikes out swinging
Bottom of the 7th over - 0 run(s), 0 hit(s), 0 error(s), 3 left on base; Tortolita 12 - Yonkers 3
TOP OF THE 8TH
Tortolita Drummers batting - Pitching for Yonkers Warlords : RHP Bob Meyer
Batting: LHB Aaron Givens 0-0: Foul Ball, location: 2F
0-1: Ball
1-1: Ground out 2-3 (Groundball, 2R)
Batting: RHB Luke de Braber 0-0: Ball
1-0: Called Strike
1-1: Foul Ball, location: 2F
1-2: Ground out 5-3 (Groundball, 56)
Batting: SHB George Allen 0-0: Foul Ball, location: 2F
0-1: Ball
1-1: Swinging Strike
1-2: Ball
2-2: Foul Ball, location: 2F
2-2: Foul Ball, location: 2F
2-2: DOUBLE (Flyball, 89M)
Batting: RHB Ilusuarte Viamonte 0-0: Ball
1-0: Ball
2-0: Fly out, F4 (Popup, 4MD)
Top of the 8th over - 0 run(s), 1 hit(s), 0 error(s), 1 left on base; Tortolita 12 - Yonkers 3
BOTTOM OF THE 8TH
Yonkers Warlords batting - Pitching for Tortolita Drummers : RHP Luke Merkley
Batting: RHB Lance Davis 0-0: Foul Ball, location: 2F
0-1: Called Strike
0-2: Ground out 5-3 (Groundball, 5)
Batting: RHB Dani Espinosa 0-0: Foul Ball, location: 2F
0-1: Swinging Strike
0-2: Strikes out looking
Batting: RHB Phil Fleming 0-0: Called Strike
0-1: Ball
1-1: Swinging Strike
1-2: SINGLE (Flyball, 7LS)
Batting: RHB Michael Messer 0-0: Ball
1-0: Called Strike
1-1: Swinging Strike
1-2: 2-RUN HOME RUN (Flyball, 7D), Distance : 398 ft
Batting: LHB Pedro López 0-0: Foul Ball, location: 2F
0-1: Ball
1-1: Swinging Strike
1-2: SINGLE (Groundball, 5D) (infield hit)
Batting: RHB Joe Smith 0-0: Swinging Strike
0-1: Fly out, F7 (Flyball, 78M)
Bottom of the 8th over - 2 run(s), 3 hit(s), 0 error(s), 1 left on base; Tortolita 12 - Yonkers 5
TOP OF THE 9TH
Tortolita Drummers batting - Pitching for Yonkers Warlords : RHP Bob Meyer
Batting: RHB Abílio Conceio 0-0: Ball
1-0: Called Strike
1-1: SINGLE (Line Drive, 8RS)
Batting: RHB Nick Simmons 0-0: Called Strike
0-1: DOUBLE (Line Drive, 78S)
Abílio Conceio to third
Batting: RHB Duncan Thomas 0-0: Ball
1-0: Reached on Error, E8 (Flyball, 8RM)
Abílio Conceio scores
Nick Simmons to third
Batting: RHB Richard Ollivier 0-0: Called Strike
0-1: Swinging Strike
0-2: Ball
1-2: Strikes out swinging
Batting: RHB Anastasio Cabanillas 0-0: Ball
1-0: Swinging Strike
1-1: Foul Ball, location: 2F
1-2: Strikes out swinging
Batting: LHB Aaron Givens 0-0: Called Strike
0-1: Ball
1-1: Ground out 4-3 (Groundball, 34)
Top of the 9th over - 1 run(s), 2 hit(s), 1 error(s), 2 left on base; Tortolita 13 - Yonkers 5
BOTTOM OF THE 9TH
Yonkers Warlords batting - Pitching for Tortolita Drummers : RHP Luke Merkley
Batting: LHB Mark Evans 0-0: Ground out 6-3 (Groundball, 6)
Batting: RHB Paul Arthur 0-0: Ball
1-0: Called Strike
1-1: Ball
2-1: Called Strike
2-2: Fly out, F9 (Line Drive, 89M)
Batting: RHB José Ayala 0-0: Called Strike
0-1: SINGLE (Groundball, 34D)
Batting: RHB Lance Davis 0-0: Ball
Wild Pitch!
José Ayala to second
1-0: Ball
2-0: Ball
3-0: Called Strike
3-1: Foul Ball, location: 2F
3-2: Foul Ball, location: 2F
3-2: Fly out, F8 (Flyball, 8RS)
Bottom of the 9th over - 0 run(s), 1 hit(s), 0 error(s), 1 left on base; Tortolita 13 - Yonkers 5
This league is powered by Out of the Park Baseball, the baseball management simulation game for PC, Mac and Linux
Saturday, February 27th, 2021 - OOTP Baseball 15.6 Build 34